 Dungeon Crawl Stone Soup version 0.18.1-50-g88ac8fd (webtiles) character file.

301 Gargoyl the Covered (level 6, 0/48 HPs)
             Began as a Demonspawn Abyssal Knight on Oct 18, 2016.
             Was a Believer of Lugonu.
             Succumbed to a worker ant's poison
             ... on level 4 of the Dungeon.
             The game lasted 00:05:40 (2960 turns).

Gargoyl the Covered (Demonspawn Abyssal Knight)     Turns: 2960, Time: 00:05:41

Health: 0/48       AC: 14    Str: 14    XL:     6   Next: 14%
Magic:  8/8        EV:  4    Int: 12    God:    Lugonu [**....]
Gold:   139        SH:  0    Dex: 12    Spells: 0 memorised, 5 levels left

rFire  + + .     SeeInvis .     a - +1 hand axe
rCold  + . .     Gourm    .     f - +0 plate armour
rNeg   . . .     Faith    .     (no shield)
rPois  +         Spirit   .     e - +0 helmet
rElec  +         Dismiss  .     (no cloak)
rCorr  +         Reflect  .     m - +0 pair of gloves
SustAt .         Harm     .     (no boots)
MR     .....                    (no amulet)
Stlth  ..........               (no ring)
                                (no ring)

@: lethally poisoned (0 -> -1), exhausted, resistant, very slightly
contaminated, hasted and slowed, not resistant to hostile enchantments,
extremely unstealthy
A: claws 1, talons 1, blurry vision 1, dopey 1, fire resistance 1, powered by
pain 1, subdued magic 1
a: Depart the Abyss, Bend Space, Renounce Religion


You were on level 4 of the Dungeon.
You worshipped Lugonu.
Lugonu was pleased with you.
You were near starving.

You visited 1 branch of the dungeon, and saw 4 of its levels.
You visited the Abyss 1 time.

You collected 139 gold pieces.

Inventory:

Hand Weapons
 a - a +1 hand axe (weapon)
Armour
 e - a +0 helmet (worn)
 f - a +0 plate armour (worn)
 m - a +0 pair of gloves (worn)
Scrolls
 b - 2 scrolls of teleportation {unknown}
 d - 2 scrolls of random uselessness {unknown}
 h - a scroll of noise {unknown}
 k - a scroll of identify
 s - a scroll of magic mapping {unknown}
 u - a scroll of enchant armour {unknown}
Potions
 v - a potion of flight {unknown}
Comestibles
 c - a bread ration
 g - 2 fruits
 j - a slice of pizza


   Skills:
 + Level 3.8 Fighting
 + Level 2.9 Axes
 * Level 4.4 Armour
 + Level 1.2 Dodging
 * Level 3.7 Invocations


You had 5 spell levels left.
You didn't know any spells.

Dungeon Overview and Level Annotations

Branches:
Dungeon (4/15)
 Temple: D:4-7

Altars:
Makhleb
Ru
Xom
Zin
The Shining One


Innate Abilities, Weirdness & Mutations

You have sharp fingernails.
You have sharp toenails.
Your flesh is heat resistant.
You sometimes gain a little power by taking damage.
Scrolls take you a little longer to read.
You are dopey. (Int -2)
Your spells are a little easier to cast, but a little less powerful.


Message History

You are near starving!
Drink which item? (? for menu, Esc to quit)
It was a potion of resistance.
You feel protected.
* * * LOW HITPOINT WARNING * * *
You feel sick.
The orc wizard is no longer moving quickly.
The orc wizard gestures wildly while chanting.
The orc wizard seems to speed up.
Drink which item? (? for menu, Esc to quit)
It was a potion of haste.
You feel yourself speed up.
The orc wizard points at you and mumbles some strange words.
The magic dart hits you!
You are very lightly contaminated with residual magic.
Drink which item? (? for menu, Esc to quit)
It was a potion of mutation.
You feel extremely strange.
You feel stupid.
Your connection to magic feels subdued.
Your vision blurs.
Drink which item? (? for menu, Esc to quit)
It was a potion of magic.
Magic courses through your body.
You die...

# #.#.....# #. #.....#
### ### #..#[....###.#
#.# #..)$.#......# #.##
.....###.#.#.##.####..###
... #.#.#......###...#
....####o...>#.#...####..
..........#...##..## ##.
.......@<.##..###..####.
##........###.###.......
#..............##......
#.##.####......##......
... #. #......##...... ..
#. #########...... ..
####### .


You could see an orc wizard.

Vanquished Creatures
  An ogre (D:4)
  A hound (D:3)
  Jessica (D:3)
  An orc wizard (D:3)
  A worker ant (D:4)
  4 gnolls
  An adder (D:3)
  A worm (D:1)
  A dart slug (D:2)
  4 giant geckos
  8 orcs
  5 bats
  A giant cockroach (D:3)
  4 goblins
  6 hobgoblins
  3 jackals (D:2)
  A quokka (D:2)
  2 ball pythons
  3 giant newts
  2 kobolds
  3 rats (D:1)
54 creatures vanquished.

Notes
Turn   | Place    | Note
--------------------------------------------------------------
     0 | Abyss:1  | Gargoyl the Demonspawn Abyssal Knight began the quest for the Orb.
     0 | Abyss:1  | Reached XP level 1. HP: 18/18 MP: 2/2
    52 | Abyss:1  | Found a corrupted altar of Lugonu.
   113 | Abyss:2  | Found a corrupted altar of Lugonu.
   121 | Abyss:2  | Noticed a wight
   121 | Abyss:2  | Noticed a wight
   123 | Abyss:2  | Noticed a wight
   131 | Abyss:2  | Noticed a wight
   139 | Abyss:2  | Noticed a neqoxec
   154 | D:1      | Escaped the Abyss
   306 | D:1      | Reached * piety under Lugonu
   393 | D:1      | Reached skill level 2 in Armour
   393 | D:1      | Gained mutation: You sometimes gain a little power by taking damage. [demonic ancestry]
   393 | D:1      | Reached XP level 2. HP: 11/24 MP: 4/4
  1014 | D:1      | Gained mutation: You have sharp fingernails. [demonic ancestry]
  1014 | D:1      | Reached XP level 3. HP: 12/29 MP: 5/5
  1486 | D:2      | Gained mutation: You have sharp toenails. [demonic ancestry]
  1486 | D:2      | Reached XP level 4. HP: 32/35 MP: 6/6
  1506 | D:2      | Found a glowing silver altar of Zin.
  1507 | D:2      | Noticed an angel
  1532 | D:2      | Found a shimmering altar of Xom.
  1781 | D:2      | Reached ** piety under Lugonu
  1799 | D:2      | Reached skill level 1 in Dodging
  2048 | D:3      | Reached skill level 3 in Armour
  2321 | D:3      | Found a burning altar of Makhleb.
  2385 | D:3      | Found a glowing golden altar of the Shining One.
  2387 | D:3      | Found a sacrificial altar of Ru.
  2441 | D:3      | Noticed Jessica
  2459 | D:3      | Killed Jessica
  2459 | D:3      | Reached XP level 5. HP: 37/41 MP: 7/7
  2591 | D:4      | Noticed an ogre
  2601 | D:4      | Killed an ogre
  2601 | D:4      | Reached skill level 4 in Armour
  2601 | D:4      | Gained mutation: Your flesh is heat resistant. [demonic ancestry]
  2601 | D:4      | Reached XP level 6. HP: 4/48 MP: 8/8
  2950 | D:4      | HP: 2/72 [orc wizard/magic dart (8)]
  2957 | D:4      | HP: 1/48 [poisoned by a worker ant]
  2959 | D:4      | Gained mutation: You are dopey. (Int -2) [potion of mutation]
  2959 | D:4      | Gained mutation: Your spells are a little easier to cast, but a little less powerful. [potion of mutation]
  2959 | D:4      | Gained mutation: Scrolls take you a little longer to read. [potion of mutation]
  2960 | D:4      | Succumbed to a worker ant's poison

Skill      XL: |  1  2  3  4  5 |
---------------+----------------+-----
Armour         | 2 3 4 |  4.4
Axes           | 2 |  2.9
Invocations    | 3 |  3.7
Dodging        | 1 |  1.2
Fighting       | |  3.8

Action                   |  1- 3 |  4- 6 || total
-------------------------+-------+-------++-------
Melee: Hand axe          |    89 |   148 ||   237
       Kick              |       |    39 ||    39
Invok: Depart the Abyss  |     1 |       ||     1
  Use: Scroll            |       |     1 ||     1
       Potion            |       |     7 ||     7
  Eat: Chunk             |     2 |     4 ||     6
Armor: Plate armour      |   116 |   177 ||   293
       Leather armour    |     1 |       ||     1
Dodge: Dodged            |    22 |    30 ||    52
